Warning! The script has encountered some errors when parsing the replay. Please report them to the . » details
ANc3: Unknown ItemID
General information
- name: BNet
- type: Ladder team game (AT/RT)
- host: Battle.net
- saver: Chopstix
map: Slalom
- players: 8
- length: 54:10
- speed: Fast
- version: 1.21 W3XP
- replay type: Public
» download(355 KB)
Players
team 1 (loser)
Apolitical (
orange | 53 APM | 2890 actions | 54:05)
7 Goblin Tinker
3 Pocket Factory
3 Engineering Upgrade
1 Robo-Goblin
1 Archmage
1 Mass Teleport
» actions
| Assign group hotkey | 3 | |
| Basic commands | 35 | |
| Build / train | 72 | |
| ESC pressed | 3 | |
| Enter build submenu | 16 | |
| Enter hero's abilities submenu | 11 | |
| Remove unit from queue | 1 | |
| Right click | 1871 | |
| Select / deselect | 766 | |
| Use ability | 108 | |
2890 total
» units
| Wisp | 12 | |
| Chimaera | 14 | |
| Siege Engine | 4 | |
| Flying Machine | 6 | |
| Peasant | 5 | |
41 total
» upgrades
| Strength of the Wild | 3 | |
| Reinforced Hides | 3 | |
| Corrosive Breath | 1 | |
| Flak Cannons | 1 | |
8 total
» buildings
| Altar of Elders | 1 | |
| Moon Well | 6 | |
| Tree of Ages | 3 | |
| Hunter's Hall | 2 | |
| Tree of Eternity | 3 | |
| Ancient of Wind | 1 | |
| Chimaera Roost | 3 | |
| Tree of Life | 3 | |
22 total
» build order
00:19 Altar of Elders
00:41 Moon Well
02:20 Moon Well
04:22 Tree of Ages
04:22 Tree of Ages
05:07 Hunter's Hall
06:56 Tree of Eternity
06:56 Tree of Eternity
07:32 Ancient of Wind
08:28 Moon Well
08:31 Moon Well
08:32 Moon Well
09:24 Chimaera Roost
09:27 Chimaera Roost
09:29 Chimaera Roost
10:26 Moon Well
22:39 Tree of Life
23:28 Tree of Life
23:31 Tree of Life
30:21 Hunter's Hall
» items
| Boots of Speed | 1 | |
| Staff of Teleportation | 1 | |
| Mechanical Critter | 2 | |
| Orb of Fire | 1 | |
5 total
DarrenBrown (
red | 53 APM | 1884 actions | 35:30)
5 Archmage
3 Summon Water Elemental
2 Brilliance Aura
» actions
| Assign group hotkey | 25 | |
| Basic commands | 122 | |
| Build / train | 89 | |
| ESC pressed | 4 | |
| Enter build submenu | 43 | |
| Enter hero's abilities submenu | 5 | |
| Remove unit from queue | 5 | |
| Right click | 638 | |
| Select / deselect | 469 | |
| Select group hotkey | 338 | |
| Use ability | 146 | |
1884 total
» units
| Peasant | 16 | |
| Footman | 6 | |
| Sorceress | 6 | |
| Mortar Team | 5 | |
| Flying Machine | 1 | |
| Siege Engine | 8 | |
42 total
» upgrades
| Lumber Harvesting | 2 | |
| Sorceress Training | 2 | |
| Flare | 1 | |
| Fragmentation Shards | 1 | |
| Gunpowder | 2 | |
| Armor | 1 | |
| Magic Sentry | 1 | |
| Plating | 1 | |
| Barrage | 1 | |
12 total
» buildings
| Altar of Kings | 1 | |
| Farm | 8 | |
| Barracks | 1 | |
| Scout Tower | 41 | |
| Keep | 1 | |
| Arcane Tower | 1 | |
| Lumber Mill | 1 | |
| Arcane Vault | 1 | |
| Castle | 1 | |
| Arcane Sanctum | 2 | |
| Blacksmith | 1 | |
| Workshop | 8 | |
| Town Hall | 5 | |
| Guard Tower | 17 | |
89 total
» build order
00:10 Altar of Kings
00:22 Farm
00:38 Barracks
00:58 Farm
01:36 Scout Tower
01:40 Farm
02:25 Scout Tower
02:47 Keep
03:18 Arcane Tower
03:22 Lumber Mill
03:30 Arcane Vault
05:32 Castle
06:19 Arcane Sanctum
06:26 Blacksmith
06:43 Arcane Sanctum
06:47 Farm
06:51 Farm
06:53 Farm
07:07 Workshop
07:09 Workshop
07:31 Farm
10:44 Farm
16:34 Scout Tower
16:35 Scout Tower
16:37 Scout Tower
16:39 Scout Tower
16:40 Scout Tower
16:41 Scout Tower
16:43 Scout Tower
17:20 Town Hall
17:33 Scout Tower
17:35 Scout Tower
17:40 Scout Tower
17:42 Scout Tower
17:48 Scout Tower
18:03 Guard Tower
18:05 Guard Tower
18:08 Guard Tower
18:15 Scout Tower
18:15 Scout Tower
18:16 Scout Tower
18:25 Guard Tower
18:51 Guard Tower
18:54 Scout Tower
18:55 Scout Tower
19:08 Town Hall
19:30 Guard Tower
19:34 Scout Tower
20:13 Guard Tower
20:22 Town Hall
20:52 Scout Tower
20:53 Scout Tower
20:56 Scout Tower
22:46 Scout Tower
22:47 Scout Tower
22:49 Scout Tower
22:50 Scout Tower
22:54 Guard Tower
23:20 Scout Tower
23:22 Scout Tower
23:27 Town Hall
23:31 Guard Tower
23:52 Guard Tower
23:53 Guard Tower
23:56 Guard Tower
25:17 Scout Tower
25:18 Scout Tower
25:19 Scout Tower
25:20 Scout Tower
25:39 Scout Tower
25:52 Scout Tower
25:55 Scout Tower
25:57 Guard Tower
26:05 Town Hall
26:07 Guard Tower
26:23 Guard Tower
26:50 Guard Tower
29:07 Workshop
29:08 Workshop
29:10 Workshop
29:13 Workshop
29:44 Workshop
29:45 Workshop
32:20 Scout Tower
32:53 Scout Tower
32:56 Guard Tower
32:59 Scout Tower
33:03 Scout Tower
33:04 Scout Tower
» items
| Scroll of Regeneration | 2 | |
| Mechanical Critter | 1 | |
| Scroll of Town Portal | 1 | |
4 total
gi-jimbo (
purple | 37 APM | 1983 actions | 54:09)
7 Goblin Tinker
3 Pocket Factory
3 Engineering Upgrade
1 Robo-Goblin
» actions
| Assign group hotkey | 1 | |
| Basic commands | 95 | |
| Build / train | 46 | |
| Enter build submenu | 24 | |
| Enter hero's abilities submenu | 9 | |
| Right click | 882 | |
| Select / deselect | 808 | |
| Use ability | 118 | |
1983 total
» units
| Wisp | 11 | |
| Archer | 6 | |
| Mountain Giant | 8 | |
| Dryad | 2 | |
| Siege Engine | 1 | |
28 total
» upgrades
| Reinforced Hides | 3 | |
| Hardened Skin | 1 | |
| Resistant Skin | 1 | |
| Strength of the Wild | 1 | |
6 total
» buildings
| Altar of Elders | 2 | |
| Moon Well | 9 | |
| Ancient of War | 1 | |
| Tree of Ages | 1 | |
| Hunter's Hall | 1 | |
| Ancient of Lore | 2 | |
| Tree of Eternity | 1 | |
| Ancient of Wonders | 1 | |
| Tree of Life | 2 | |
20 total
» build order
00:37 Altar of Elders
00:40 Moon Well
01:22 Ancient of War
01:58 Moon Well
03:07 Moon Well
04:41 Tree of Ages
04:44 Hunter's Hall
04:49 Moon Well
05:30 Moon Well
07:07 Ancient of Lore
07:20 Ancient of Lore
07:22 Tree of Eternity
08:31 Ancient of Wonders
13:42 Moon Well
13:47 Moon Well
14:45 Moon Well
14:52 Moon Well
24:16 Tree of Life
26:53 Altar of Elders
29:06 Tree of Life
» items
Phonebook (
blue | 84 APM | 3167 actions | 37:33)
7 Goblin Tinker
3 Pocket Factory
3 Engineering Upgrade
1 Robo-Goblin
» actions
| Assign group hotkey | 346 | |
| Basic commands | 45 | |
| Build / train | 72 | |
| ESC pressed | 5 | |
| Enter build submenu | 23 | |
| Enter hero's abilities submenu | 8 | |
| Give item / drop item | 4 | |
| Right click | 1451 | |
| Select / deselect | 409 | |
| Select group hotkey | 704 | |
| Use ability | 99 | |
3167 total
» units
| Acolyte | 12 | |
| Ghoul | 11 | |
| Frost Wyrm | 7 | |
| Crypt Fiend | 8 | |
| Siege Engine | 1 | |
39 total
» upgrades
| Creature Attack | 3 | |
| Creature Carapace | 3 | |
| Freezing Breath | 1 | |
7 total
» buildings
| Crypt | 1 | |
| Altar of Darkness | 2 | |
| Ziggurat | 10 | |
| Tomb of Relics | 1 | |
| Halls of the Dead | 1 | |
| Graveyard | 1 | |
| Black Citadel | 1 | |
| Sacrificial Pit | 1 | |
| Boneyard | 3 | |
| Spirit Tower | 2 | |
| Nerubian Tower | 1 | |
24 total
» build order
00:17 Crypt
00:19 Altar of Darkness
00:22 Ziggurat
00:43 Altar of Darkness
01:25 Tomb of Relics
01:28 Ziggurat
03:17 Halls of the Dead
04:17 Graveyard
05:55 Black Citadel
05:58 Sacrificial Pit
06:04 Ziggurat
06:06 Ziggurat
08:30 Boneyard
08:31 Boneyard
08:32 Boneyard
08:36 Ziggurat
11:38 Ziggurat
11:38 Ziggurat
12:27 Ziggurat
16:39 Ziggurat
16:39 Ziggurat
18:31 Spirit Tower
26:47 Nerubian Tower
26:49 Spirit Tower
» items
| Rod of Necromancy | 1 | |
| Potion of Mana | 1 | |
| Dust of Appearance | 2 | |
| Potion of Healing | 3 | |
| Staff of Teleportation | 1 | |
| Orb of Corruption | 2 | |
10 total
team 2 (winner)
Chopstix (
teal | 56 APM | 3045 actions | 54:10)
7 Blood Mage
3 Flame Strike
3 Siphon Mana
1 Summon Phoenix
6 Goblin Alchemist
3 Acid Bomb
2 Chemical Rage
1 Transmute
» actions
| Assign group hotkey | 31 | |
| Basic commands | 143 | |
| Build / train | 142 | |
| ESC pressed | 2 | |
| Enter build submenu | 65 | |
| Enter hero's abilities submenu | 13 | |
| Give item / drop item | 2 | |
| Remove unit from queue | 2 | |
| Right click | 1162 | |
| Select / deselect | 533 | |
| Select group hotkey | 689 | |
| Use ability | 261 | |
3045 total
» units
| Peasant | 30 | |
| Sorceress | 4 | |
| Mortar Team | 3 | |
| Dragonhawk Rider | 11 | |
| Flying Machine | 3 | |
| Gryphon Rider | 8 | |
| Priest | 1 | |
60 total
» upgrades
| Lumber Harvesting | 2 | |
| Masonry | 3 | |
| Magic Sentry | 1 | |
| Gunpowder | 1 | |
| Sorceress Training | 1 | |
| Flak Cannons | 1 | |
| Flying Machine Bombs | 1 | |
| Swords | 2 | |
| Storm Hammers | 1 | |
| Armor | 2 | |
| Cloud | 1 | |
16 total
» buildings
| Altar of Kings | 1 | |
| Lumber Mill | 4 | |
| Farm | 11 | |
| Scout Tower | 29 | |
| Arcane Tower | 5 | |
| Guard Tower | 19 | |
| Keep | 1 | |
| Town Hall | 3 | |
| Blacksmith | 1 | |
| Arcane Vault | 3 | |
| Workshop | 3 | |
| Arcane Sanctum | 1 | |
| Castle | 1 | |
| Gryphon Aviary | 5 | |
| Cannon Tower | 1 | |
88 total
» build order
00:07 Altar of Kings
00:14 Lumber Mill
00:43 Farm
01:15 Scout Tower
01:45 Arcane Tower
01:45 Arcane Tower
01:48 Farm
02:17 Scout Tower
02:35 Scout Tower
02:45 Arcane Tower
03:00 Scout Tower
03:12 Guard Tower
03:12 Guard Tower
03:15 Scout Tower
03:27 Guard Tower
03:35 Scout Tower
04:34 Scout Tower
04:37 Guard Tower
05:01 Scout Tower
05:10 Scout Tower
06:12 Scout Tower
06:26 Keep
06:35 Guard Tower
06:45 Town Hall
06:53 Arcane Tower
06:56 Guard Tower
06:57 Scout Tower
07:00 Blacksmith
07:02 Farm
07:32 Guard Tower
07:55 Arcane Vault
08:41 Scout Tower
08:46 Farm
09:14 Scout Tower
09:46 Guard Tower
09:46 Guard Tower
09:50 Scout Tower
10:01 Guard Tower
10:06 Scout Tower
10:12 Scout Tower
10:27 Workshop
10:37 Farm
11:01 Arcane Sanctum
11:23 Guard Tower
11:26 Scout Tower
12:41 Farm
12:53 Scout Tower
12:58 Scout Tower
13:02 Workshop
13:04 Workshop
13:37 Guard Tower
13:39 Arcane Tower
13:43 Scout Tower
13:48 Scout Tower
14:45 Farm
14:51 Scout Tower
15:02 Guard Tower
16:02 Guard Tower
16:07 Scout Tower
16:27 Farm
16:32 Castle
16:38 Lumber Mill
16:45 Scout Tower
17:20 Guard Tower
17:22 Scout Tower
17:35 Gryphon Aviary
18:08 Gryphon Aviary
18:15 Guard Tower
19:03 Farm
19:12 Farm
23:49 Town Hall
26:28 Gryphon Aviary
26:31 Gryphon Aviary
26:34 Guard Tower
27:09 Cannon Tower
27:12 Scout Tower
29:00 Guard Tower
29:01 Scout Tower
29:24 Scout Tower
29:25 Scout Tower
30:55 Guard Tower
31:24 Arcane Vault
38:21 Lumber Mill
38:30 Lumber Mill
41:58 Gryphon Aviary
42:02 Farm
43:00 Arcane Vault
49:32 Town Hall
» items
| Boots of Speed | 2 | |
| Staff of Teleportation | 2 | |
| Scroll of Town Portal | 4 | |
| Periapt of Vitality | 1 | |
| Healing Salve | 2 | |
| Scroll of Regeneration | 4 | |
| Potion of Healing | 1 | |
16 total
GapInTheTooth (
green | 56 APM | 3014 actions | 54:09)
9 Blademaster
3 Wind Walk
3 Critical Strike
2 Mirror Image
1 Bladestorm
» actions
| Assign group hotkey | 11 | |
| Basic commands | 264 | |
| Build / train | 92 | |
| ESC pressed | 21 | |
| Enter build submenu | 64 | |
| Enter hero's abilities submenu | 9 | |
| Give item / drop item | 2 | |
| Remove unit from queue | 1 | |
| Right click | 1573 | |
| Select / deselect | 708 | |
| Select group hotkey | 59 | |
| Use ability | 210 | |
3014 total
» units
| Peon | 29 | |
| Raider | 8 | |
| Frost Revenant | 1 | |
| Nerubian Webspinner | 1 | |
| Ice Troll Berserker | 1 | |
| Nerubian Warrior | 1 | |
| Troll Batrider | 7 | |
| Wind Rider | 2 | |
50 total
» upgrades
| Ranged Weapons | 3 | |
| Ensnare | 2 | |
| Pillage | 1 | |
| Melee Weapons | 3 | |
| Armor | 2 | |
11 total
» buildings
| Orc Burrow | 9 | |
| War Mill | 1 | |
| Altar of Storms | 1 | |
| Watch Tower | 23 | |
| Voodoo Lounge | 3 | |
| Stronghold | 1 | |
| Fortress | 1 | |
| Great Hall | 4 | |
| Beastiary | 7 | |
50 total
» build order
00:13 Orc Burrow
01:08 War Mill
01:33 Altar of Storms
02:27 Orc Burrow
02:41 Watch Tower
03:19 Watch Tower
03:24 Watch Tower
03:50 Voodoo Lounge
04:37 Watch Tower
04:40 Watch Tower
05:06 Watch Tower
05:17 Stronghold
05:46 Watch Tower
05:48 Watch Tower
06:59 Watch Tower
07:29 Watch Tower
07:41 Watch Tower
07:47 Watch Tower
07:56 Watch Tower
08:42 Fortress
09:19 Great Hall
09:37 Watch Tower
11:19 Watch Tower
11:26 Watch Tower
11:28 Watch Tower
11:30 Watch Tower
13:09 Watch Tower
14:17 Watch Tower
15:00 Beastiary
15:27 Watch Tower
16:20 Beastiary
16:35 Watch Tower
20:00 Beastiary
20:01 Beastiary
20:06 Beastiary
20:21 Great Hall
25:51 Orc Burrow
25:57 Great Hall
27:02 Voodoo Lounge
30:05 Beastiary
30:06 Beastiary
30:41 Orc Burrow
31:23 Orc Burrow
37:03 Voodoo Lounge
38:25 Watch Tower
49:57 Orc Burrow
50:59 Orc Burrow
51:04 Orc Burrow
52:14 Orc Burrow
54:09 Great Hall
» items
| Lesser Clarity Potion | 1 | |
| Potion of Mana | 2 | |
| Healing Salve | 4 | |
| Orb of Lightning | 1 | |
| Scroll of Town Portal | 2 | |
| Potion of Lesser Invulnerability | 2 | |
| Boots of Speed | 1 | |
| Staff of Teleportation | 1 | |
| Potion of Healing | 4 | |
18 total
Noinu (
pink | 50 APM | 2717 actions | 54:09)
7 Blademaster
3 Wind Walk
3 Critical Strike
1 Bladestorm
» actions
| Assign group hotkey | 18 | |
| Basic commands | 205 | |
| Build / train | 73 | |
| Enter build submenu | 54 | |
| Enter hero's abilities submenu | 7 | |
| Remove unit from queue | 1 | |
| Right click | 699 | |
| Select / deselect | 454 | |
| Select group hotkey | 1045 | |
| Use ability | 160 | |
2717 total
» units
| Peon | 20 | |
| Troll Batrider | 13 | |
| Raider | 3 | |
| Troll Headhunter/Berserker | 7 | |
43 total
» upgrades
| Spiked Barricades | 1 | |
| Ranged Weapons | 2 | |
| Liquid Fire | 1 | |
| Ensnare | 1 | |
| Pillage | 1 | |
| Armor | 1 | |
| Troll Regeneration | 1 | |
8 total
» buildings
| Altar of Storms | 2 | |
| Orc Burrow | 10 | |
| War Mill | 2 | |
| Watch Tower | 31 | |
| Stronghold | 2 | |
| Beastiary | 2 | |
| Fortress | 1 | |
| Voodoo Lounge | 2 | |
| Great Hall | 1 | |
| Barracks | 2 | |
55 total
» build order
00:05 Altar of Storms
00:08 Orc Burrow
01:03 War Mill
02:07 Orc Burrow
02:32 Watch Tower
02:40 Watch Tower
04:25 Watch Tower
04:35 Watch Tower
04:53 Watch Tower
05:16 Watch Tower
05:17 Watch Tower
05:17 Watch Tower
05:19 Stronghold
05:23 Watch Tower
06:00 Watch Tower
06:09 Watch Tower
06:46 Watch Tower
06:55 Watch Tower
07:10 Watch Tower
07:47 Beastiary
08:05 Orc Burrow
08:36 Beastiary
08:50 Watch Tower
09:15 Orc Burrow
09:19 Fortress
09:59 Voodoo Lounge
10:07 Orc Burrow
10:15 Watch Tower
10:18 Watch Tower
10:25 Watch Tower
11:57 Watch Tower
14:00 Watch Tower
15:10 Watch Tower
15:10 Watch Tower
16:01 Watch Tower
21:19 War Mill
21:22 Orc Burrow
22:20 Orc Burrow
22:56 Orc Burrow
23:20 Watch Tower
23:53 Watch Tower
24:29 Watch Tower
28:22 Great Hall
30:06 Watch Tower
31:14 Watch Tower
40:33 Altar of Storms
41:48 Voodoo Lounge
41:50 Stronghold
43:05 Watch Tower
45:36 Barracks
45:39 Barracks
47:31 Orc Burrow
48:00 Watch Tower
48:09 Orc Burrow
48:34 Watch Tower
» items
| Orb of Lightning | 1 | |
| Scroll of Town Portal | 3 | |
| Boots of Speed | 1 | |
| Healing Salve | 3 | |
| Potion of Healing | 2 | |
| Lesser Clarity Potion | 1 | |
11 total
Steelhound (
yellow | 42 APM | 2298 actions | 54:09)
8 Blademaster
3 Wind Walk
3 Critical Strike
1 Mirror Image
1 Bladestorm
» actions
| Assign group hotkey | 152 | |
| Basic commands | 54 | |
| Build / train | 65 | |
| ESC pressed | 3 | |
| Enter build submenu | 50 | |
| Enter hero's abilities submenu | 8 | |
| Remove unit from queue | 3 | |
| Right click | 1093 | |
| Select / deselect | 292 | |
| Select group hotkey | 408 | |
| Use ability | 170 | |
2298 total
» units
» upgrades
| Ranged Weapons | 2 | |
| Liquid Fire | 1 | |
| Reinforced Defenses | 1 | |
4 total
» buildings
| War Mill | 1 | |
| Orc Burrow | 8 | |
| Altar of Storms | 1 | |
| Watch Tower | 33 | |
| Stronghold | 1 | |
| Beastiary | 2 | |
| Voodoo Lounge | 2 | |
| Fortress | 1 | |
| Great Hall | 1 | |
50 total
» build order
00:08 War Mill
00:15 Orc Burrow
01:05 Altar of Storms
01:50 Watch Tower
02:09 Watch Tower
02:48 Watch Tower
02:55 Watch Tower
03:19 Watch Tower
04:08 Watch Tower
05:37 Watch Tower
06:42 Stronghold
07:41 Watch Tower
07:44 Orc Burrow
07:48 Orc Burrow
07:50 Orc Burrow
08:05 Watch Tower
08:07 Watch Tower
10:02 Beastiary
10:04 Beastiary
10:09 Watch Tower
10:12 Watch Tower
11:16 Watch Tower
11:19 Watch Tower
11:20 Watch Tower
11:21 Watch Tower
12:07 Voodoo Lounge
12:12 Watch Tower
12:13 Watch Tower
12:39 Fortress
14:57 Watch Tower
14:58 Watch Tower
14:59 Watch Tower
15:03 Watch Tower
15:13 Orc Burrow
16:37 Watch Tower
17:11 Watch Tower
17:52 Watch Tower
26:23 Great Hall
29:57 Orc Burrow
30:46 Orc Burrow
34:18 Watch Tower
34:21 Watch Tower
37:34 Watch Tower
37:40 Watch Tower
38:10 Voodoo Lounge
38:25 Watch Tower
38:26 Watch Tower
39:05 Watch Tower
39:06 Watch Tower
39:12 Orc Burrow
» items
| Healing Salve | 4 | |
| Lesser Clarity Potion | 1 | |
| Orb of Lightning | 1 | |
| Scroll of Town Portal | 1 | |
| Potion of Healing | 2 | |
9 total
Chat log
(00:23 / Allies) Chopstix: green go bot
(00:27 / Allies) Chopstix: got
(00:30 / Allies) Chopstix: pink go top
(00:35 / Allies) Noinu: word
(02:40 / Allies) Chopstix: watch that aggro
(04:06 / Allies) Chopstix: blue
(04:25 / All) Apolitical: R
(04:47 / Allies) Chopstix: byurrow
(04:48 / Allies) Chopstix: attack
(04:50 / Allies) Chopstix: shop
(06:15 / Allies) Chopstix: we are good now
(06:16 / Allies) Chopstix: no more leaks
(06:24 / Allies) Noinu: more pls
(06:30 / Allies) Chopstix: this is clear i think
(06:36 / Allies) Noinu: it is
(07:09 / Allies) Chopstix: use that if need be
(07:24 / Allies) Chopstix: dont push
(08:32 / All) GapInTheTooth: mmm
(08:35 / All) GapInTheTooth: yummy
(08:37 / All) GapInTheTooth: keep feeding
(10:48 / Allies) Chopstix: man
(10:51 / Allies) Chopstix: make a tower at your baes
(10:52 / Allies) Chopstix: for jesus
(13:22 / Allies) Chopstix: red hero dead lol
(16:41 / Allies) Chopstix: wyrms
(17:49 / Allies) Noinu: ?
(17:50 / Allies) Chopstix: ill try to buy time
(17:51 / Allies) Noinu: no?
(20:22 / All) Phonebook: fucked much?
(20:29 / Allies) Chopstix: imt rying to pump aa
(22:28 / Allies) Chopstix: motherless fucks
(22:42 / Allies) Noinu: :/
(22:47 / Allies) Noinu: wellllllll
(23:33 / Allies) Noinu: i think we lost boys
(24:27 / Allies) Chopstix: remaining air forfce
(25:32 / Allies) Chopstix: DONT SUICIDE
(26:43 / Allies) Chopstix: someone needs to expand
(26:47 / Allies) Chopstix: i am in low upkeep
(26:48 / Allies) Noinu: me?
(27:51 / Allies) Chopstix: someone expand
(27:58 / Allies) Chopstix: whio is me
(29:58 / Allies) Chopstix: in high
(30:09 / Allies) Chopstix: somoene take this
(30:15 / Allies) Chopstix: in high
(30:17 / Allies) Chopstix: take my expansion
(30:32 / Allies) Chopstix: killing
(30:45 / Allies) Chopstix: in low
(31:07 / Allies) Noinu: this is prwetty good comeback imo
(31:35 / Allies) Noinu: woohoo
(31:43 / Allies) Chopstix: anyone have lots of lu,mber
(31:51 / Allies) Chopstix: im killing off gyros
(32:05 / All) gi-jimbo: f
(33:55 / Allies) Chopstix: come here
(33:59 / Allies) Chopstix: i will fs and acid bom
(34:00 / Allies) Noinu: tanks
(34:07 / Allies) Chopstix: let them come
(34:07 / Allies) Noinu: all hands
(34:09 / Allies) Chopstix: i have gryphons
(34:12 / Allies) Chopstix: they dont have firecracekr
(34:14 / Allies) Noinu: they have barrage?
(34:17 / Allies) Chopstix: no
(34:18 / Allies) Noinu: oh
(34:21 / Allies) Chopstix: now they do
(35:26 / All) DarrenBrown: niggers
(37:38 / All) Chopstix: GG NUMB
(37:47 / Allies) Chopstix: no lumber here killed off peasents
(38:59 / All) Apolitical: klets do this
(39:09 / Allies) Chopstix: taking this out
(39:20 / Allies) Noinu: butrn it
(41:09 / Allies) Chopstix: sending gryphs
(41:21 / Allies) Chopstix: get purp hero
(42:23 / Allies) Chopstix: out of gold here
(45:10 / Allies) Chopstix: they are moveing
(45:32 / Allies) Chopstix: we have this
(45:48 / Allies) Noinu: is a problem
(45:50 / Allies) Chopstix: we have this mine
(45:59 / Allies) Noinu: ill go bladestorm
(47:10 / Allies) Chopstix: let them attack
(47:13 / Allies) Chopstix: then ill use air
(47:53 / Allies) Chopstix: those tanks
(47:55 / Allies) Chopstix: are a hassle
(49:09 / Allies) Chopstix: we need raider
(51:10 / Allies) Chopstix: aie
(52:18 / Allies) Chopstix: dont let them build tanks
(52:39 / Allies) Chopstix: gryphon on heros
(53:54 / Allies) Chopstix: 6
(53:55 / Allies) Chopstix: tmute
(53:57 / All) Chopstix: GG NUB
(54:02 / All) Apolitical: zzz.